 Dungeon Crawl Stone Soup version 0.21-a0-84-g85d6d27 (webtiles) character file.

10571 tsouns the Martial Artist (level 11, 0/87 HPs)
             Began as a Vampire Monk on June 24, 2017.
             Was a High Priest of Kikubaaqudgha.
             Killed by divine providence
             ... invoked by an orc priest
              (13 damage)
             ... on level 9 of the Dungeon.
             The game lasted 00:52:46 (10470 turns).

tsouns the Martial Artist (Vampire Monk)           Turns: 10470, Time: 00:52:47

Health: 0/87       AC:  4    Str: 11    XL:     11   Next: 37%
Magic:  0/18       EV: 18    Int: 16    God:    Kikubaaqudgha [*****.]
Gold:   481        SH:  0    Dex: 22    Spells: 4/20 levels left

rFire    . . .     SeeInvis +     - Unarmed
rCold    . . .     Gourm    .   (no shield)
rNeg     . . .     Faith    .   a - +0 robe
rPois    +         Spirit   +   (no helmet)
rElec    .         Reflect  .   s - +0 cloak {rPois}
rCorr    .         Harm     .   (no gloves)
MR       +....                  f - +0 pair of boots
Stlth    ++++......             h - amulet of guardian spirit
HPRegen  0.44/turn              l - ring of wizardry
MPRegen  0.16/turn              E - +6 ring of dexterity

@: regenerating quickly
A: fangs 3, see invisible, unbreathing
a: Receive Corpses, Torment, Renounce Religion


You were on level 9 of the Dungeon.
You worshipped Kikubaaqudgha.
Kikubaaqudgha was extremely pleased with you.
You were almost alive.

You visited 3 branches of the dungeon, and saw 13 of its levels.

You collected 691 gold pieces.
You spent 210 gold pieces at shops.

Inventory:

Missiles
 e - 393 stones (quivered)
 u - 31 tomahawks
 G - a throwing net
Armour
 a - a +0 robe (worn)
 f - a +0 pair of boots (worn)
 s - a +0 cloak of poison resistance (worn)
Jewellery
 h - an amulet of guardian spirit (around neck)
 l - a ring of wizardry (left hand)
 m - an uncursed ring of positive energy
 E - a +6 ring of dexterity (right hand)
Wands
 d - a wand of polymorph (2/24)
 p - a wand of confusion (27/48)
 F - a wand of paralysis (15/24)
 H - a wand of paralysis (12/24)
Scrolls
 n - 4 scrolls of remove curse
 o - 2 scrolls of enchant weapon
 y - 2 scrolls of teleportation
 z - 2 scrolls of amnesia
 I - a scroll of immolation {unknown}
Potions
 b - 4 potions of blood
 c - a potion of flight {unknown}
 g - 7 potions of curing
 k - a potion of brilliance {unknown}
 q - 2 potions of heal wounds
 t - a potion of invisibility {unknown}
 w - 3 potions of mutation {unknown}
 A - a potion of lignification {unknown}
 B - 4 potions of cancellation
 C - a potion of ambrosia {unknown}
Books
 j - a book of Air

   Spells                             Type                      Level
   a - Shock                          Conjuration/Air              1
   b - Swiftness                      Charms/Air                   2
   c - Static Discharge               Conjuration/Air              3
   d - Airstrike                      Air                          4
   e - Lightning Bolt                 Conjuration/Air              5
 r - a book of Maledictions

   Spells                             Type                      Level
   a - Corona                         Hexes                        1
   b - Ensorcelled Hibernation        Hexes/Ice                    2
   c - Confuse                        Hexes                        3
   d - Tukima's Dance                 Hexes                        3
   e - Dazzling Spray                 Conjuration/Hexes            3
 v - Kikubaaqudgha's Volume of Evil
   (Kikubaaqudgha gifted it to you in the Ecumenical Temple)

   Spells                             Type                      Level
   a - Animate Skeleton               Necromancy                   1
   b - Corpse Rot                     Necromancy                   2
   c - Sublimation of Blood           Necromancy                   2
   d - Regeneration                   Charms/Necromancy            3
   e - Control Undead                 Necromancy                   4
 x - a book of Necromancy

   Spells                             Type                      Level
   a - Pain                           Necromancy                   1
   b - Animate Skeleton               Necromancy                   1
   c - Vampiric Draining              Necromancy                   3
   d - Regeneration                   Charms/Necromancy            3
   e - Animate Dead                   Necromancy                   4
   f - Control Undead                 Necromancy                   4
 D - Kikubaaqudgha's Almanac of Dark Rituals
   (Kikubaaqudgha gifted it to you on level 7 of the Dungeon)

   Spells                             Type                      Level
   a - Animate Dead                   Necromancy                   4
   b - Excruciating Wounds            Charms/Necromancy            5
   c - Bolt of Draining               Conjuration/Necromancy       5
   d - Cigotuvi's Embrace             Necromancy                   5
   e - Dispel Undead                  Necromancy                   5


   Skills:
 + Level 8.5 Fighting
 + Level 6.7 Dodging
 - Level 6.4 Stealth
 * Level 13.1 Unarmed Combat
 - Level 5.1 Spellcasting
 - Level 3.8 Hexes
 - Level 5.2 Necromancy


You had 4 spell levels left.
You knew the following spells:

 Your Spells              Type           Power        Failure   Level  Hunger
a - Corona                Hex            ###....      1%          1    None
b - Ensorcelled Hibernat  Hex/Ice        ##....       4%          2    #......
c - Confuse               Hex            ###.....     4%          3    ###....
d - Tukima's Dance        Hex            ###.....     4%          3    ###....
e - Animate Skeleton      Necr           N/A          1%          1    None
f - Regeneration          Chrm/Necr      ##........   6%          3    ###....
g - Vampiric Draining     Necr           ###.......   2%          3    ###....


Dungeon Overview and Level Annotations

Branches:
Dungeon (11/15)            Temple (1/1) D:6            Lair (0/6) D:11
    Orc (1/2) D:9

Altars:
Ashenzari
Cheibriados
Dithmenos
Elyvilon
Fedhas
Gozag
Kikubaaqudgha
Makhleb
Nemelex Xobeh
Okawaru
Qazlal
Ru
Sif Muna
Trog
Uskayaw
Vehumet
Wu Jian
Xom
Yredelemnul
Zin
The Shining One

Shops:
D:4 %!(*}   D:7 [   D:9 }

Annotations:
D:5 ThermosAquaticus's ghost, novice FoFi
D:8 nikopol's ghost, novice MiBe
Orc:1 sveltemanboy's ghost, journeyman DsMo


Innate Abilities, Weirdness & Mutations

Your natural rate of healing is unusually fast.
You have razor-sharp teeth.
You have supernaturally acute eyesight. (SInv)
You can survive without breathing.


Message History

The orc priest completely misses you. The orc barely misses you.
You climb upwards.
Welcome back to the Dungeon!
There is a staircase to the Orcish Mines, spattered with blood here.
Unknown command.
You feel much better. The orc barely misses you. x2
The orc closely misses you.
The orc priest mumbles some strange prayers to Beogh against you.
Beogh smites you!
* * * LOW HITPOINT WARNING * * *
The orc misses you. x2
The orc priest casts a cantrip, but nothing happens.
The orc priest invokes the aid of Beogh against you.
Beogh smites you!
* * * LOW HITPOINT WARNING * * *
The orc barely misses you.
The orc priest miscasts a cantrip.
The orc priest calls down the wrath of Beogh upon you.
Beogh smites you!
You die...
Kikubaaqudgha rasps: "You have failed me!
Welcome... oblivion!"

.....###...# #.....# .#####
###.#### #.....# ## #....#
###'### #### #######'####
#...# ...# #.>........# #.###
##.# #..........# ##.########
#.# #.......>..###.........#
##.####.......o..#.........?.#
).....#....o.o.o@#.#.........#
##..#.)..........'.#.........#
#..###..........########.####
##.## #..........# ##..# ...#
#..........# ###..## .###
###'######## #...## .# #..#
##.##### ##
####'#########......#
#.......#...........#


You could see an orc priest and 3 orcs.

Vanquished Creatures
  The ghost of TotoDurand the Covert, a journeyman OpAs of Cheibriados (D:10)
  2 two-headed ogres
  An ugly thing (D:11)
  A centaur zombie (D:9)
  Maurice (D:8)
  A troll (D:10)
  Grinder (D:6)
  A merfolk (D:10)
  3 hippogriffs
  11 yaks (D:10)
  2 wargs (D:11)
  3 water moccasins
  3 ice beasts
  5 orc warriors
  2 necrophages (D:7)
  2 ogres
  2 centaurs (D:7)
  3 big kobolds
  A water moccasin zombie (D:7)
  3 bullfrogs
  A water moccasin skeleton (D:10)
  4 scorpions
  14 wights
  10 killer bees
  A howler monkey (D:4)
  4 hounds
  3 bullfrog skeletons
  Crazy Yiuf (D:3)
  6 orc priests
  2 jellies
  11 orc wizards
  Terence (D:2)
  2 iguanas
  4 worker ants
  2 hound skeletons
  A mummy (D:7)
  3 worker ant zombies
  7 adders
  A shadow imp (D:6)
  2 oozes (D:3)
  An adder skeleton (D:5)
  2 adder zombies
  3 worms
  A dart slug (D:2)
  6 leopard geckos
  52 orcs
  4 ball pythons
  6 bats
  2 giant cockroaches
  5 goblins
  11 hobgoblins
  3 jackals (D:4)
  27 kobolds
  6 quokkas
  A ball python zombie (D:6)
  5 frilled lizards
  A leopard gecko skeleton (D:3)
  2 leopard gecko zombies (D:7)
  3 quokka skeletons
  6 rats
276 creatures vanquished.

Vanquished Creatures (collateral kills)
  An orc warrior (D:8)
  An ogre (D:9)
  A wight (D:8)
  An orc priest (D:9)
4 creatures vanquished.

Vanquished Creatures (others)
  6 dancing weapons
6 creatures vanquished.

Grand Total: 286 creatures vanquished

Notes
Turn   | Place    | Note
-------+----------+-------------------------------------------
     0 | D:1      | tsouns the Vampire Monk began the quest for the Orb.
     0 | D:1      | Reached XP level 1. HP: 17/17 MP: 1/1
   299 | D:1      | Reached XP level 2. HP: 15/24 MP: 2/2
  1145 | D:2      | Reached skill level 4 in Unarmed Combat
  1145 | D:2      | Reached XP level 3. HP: 26/29 MP: 3/3
  1284 | D:2      | Noticed Terence
  1355 | D:2      | Killed Terence
  1355 | D:2      | Reached XP level 4. HP: 16/37 MP: 4/4
  2075 | D:3      | Reached skill level 5 in Unarmed Combat
  2135 | D:3      | Reached XP level 5. HP: 40/42 MP: 5/5
  2411 | D:3      | Found a runed door.
  2415 | D:3      | Noticed Crazy Yiuf
  2433 | D:3      | Killed Crazy Yiuf
  2573 | D:4      | Found Baumeb Cuse's Assorted Antiques.
  2577 | D:4      | Bought a scroll of identify for 54 gold pieces
  2581 | D:4      | Learned a level 1 spell: Corona
  2584 | D:4      | Learned a level 2 spell: Ensorcelled Hibernation
  2674 | D:4      | Found Naobbe's Gadget Shop.
  2762 | D:4      | Found Honkia's Distillery.
  2772 | D:4      | Reached skill level 6 in Unarmed Combat
  2772 | D:4      | Reached skill level 1 in Hexes
  2772 | D:4      | Reached XP level 6. HP: 47/49 MP: 4/6
  2780 | D:4      | Bought a potion of heal wounds for 60 gold pieces
  2780 | D:4      | Bought 2 potions of might for 96 gold pieces
  3019 | D:4      | Reached skill level 1 in Spellcasting
  3062 | D:4      | Found Zoampum's Antique Weapon Shoppe.
  3184 | D:4      | Found Lazxec's Food Shop.
  3290 | D:4      | Learned a level 3 spell: Confuse
  3291 | D:5      | Entered Level 5 of the Dungeon
  3334 | D:5      | Noticed a water moccasin
  3347 | D:5      | Killed a water moccasin
  3347 | D:5      | Reached skill level 7 in Unarmed Combat
  3347 | D:5      | Reached XP level 7. HP: 46/55 MP: 4/9
  3398 | D:5      | Noticed ThermosAquaticus's ghost (novice FoFi)
  3487 | D:5      | Learned a level 3 spell: Tukima's Dance
  3536 | D:5      | Found a basalt altar of Yredelemnul.
  3649 | D:6      | Found a hide-covered altar of Uskayaw.
  3717 | D:6      | Noticed a hippogriff
  3736 | D:6      | Killed a hippogriff
  3736 | D:6      | Reached skill level 5 in Fighting
  3973 | D:6      | Found a staircase to the Ecumenical Temple.
  3983 | Temple   | Entered the Ecumenical Temple
  4011 | Temple   | Became a worshipper of Kikubaaqudgha
  4011 | Temple   | Reached * piety under Kikubaaqudgha
  4011 | Temple   | Identified Kikubaaqudgha's Volume of Evil (Kikubaaqudgha gifted it to you in the Ecumenical Temple)
  4011 | Temple   | Received a gift from Kikubaaqudgha
  4011 | Temple   | Reached ** piety under Kikubaaqudgha
  4172 | Temple   | Learned a level 1 spell: Animate Skeleton
  4223 | D:6      | Found a bloodstained altar of Trog.
  4223 | D:6      | Found a radiant altar of Vehumet.
  4223 | D:6      | Found an opulent altar of Gozag.
  4305 | D:6      | Found a bloodstained altar of Trog.
  4464 | D:6      | You fall through a shaft!
  4605 | D:7      | Reached XP level 8. HP: 52/60 MP: 7/11
  4723 | D:6      | Noticed Grinder
  4751 | D:6      | Killed Grinder
  4751 | D:6      | Reached skill level 8 in Unarmed Combat
  5264 | D:7      | Reached skill level 5 in Stealth
  5283 | D:7      | Reached skill level 9 in Unarmed Combat
  5495 | D:7      | Reached XP level 9. HP: 55/67 MP: 1/14
  5629 | D:7      | Reached *** piety under Kikubaaqudgha
  5629 | D:7      | Identified Kikubaaqudgha's Almanac of Dark Rituals (Kikubaaqudgha gifted it to you on level 7 of the Dungeon)
  5629 | D:7      | Received a gift from Kikubaaqudgha
  5680 | D:7      | Learned a level 3 spell: Regeneration
  5685 | D:7      | Learned a level 3 spell: Vampiric Draining
  5699 | D:7      | Found Saigruli's Armour Shoppe.
  6053 | D:8      | Noticed nikopol's ghost (novice MiBe)
  6060 | D:8      | Reached skill level 1 in Necromancy
  6086 | D:8      | Reached skill level 10 in Unarmed Combat
  6248 | D:8      | Noticed Maurice
  6705 | D:8      | Killed Maurice
  6905 | D:8      | Reached skill level 11 in Unarmed Combat
  6932 | D:8      | Reached **** piety under Kikubaaqudgha
  7210 | D:9      | Reached XP level 10. HP: 77/77 MP: 16/16
  7369 | D:9      | Found Quidal's Gadget Shoppe.
  7487 | D:9      | Found a staircase to the Orcish Mines.
  7655 | D:9      | Found a sacrificial altar of Ru.
  7710 | D:9      | Noticed a two-headed ogre
  7721 | D:9      | Killed a two-headed ogre
  7721 | D:9      | Reached skill level 5 in Dodging
  8318 | D:10     | Entered Level 10 of the Dungeon
  8534 | D:10     | Noticed TotoDurand's ghost (journeyman OpAs)
  8589 | D:10     | Noticed a two-headed ogre
  8611 | D:10     | Killed a two-headed ogre
  8611 | D:10     | Reached skill level 12 in Unarmed Combat
  8611 | D:10     | Reached skill level 5 in Necromancy
  9120 | D:10     | Killed TotoDurand's ghost
  9120 | D:10     | Reached XP level 11. HP: 38/84 MP: 6/17
  9640 | D:10     | Reached ***** piety under Kikubaaqudgha
  9780 | D:11     | Noticed a purple ugly thing
  9869 | D:11     | Reached skill level 5 in Spellcasting
  9887 | D:11     | Found a staircase to the Lair.
  9977 | D:11     | Reached skill level 13 in Unarmed Combat
 10047 | D:11     | Killed a purple ugly thing
 10251 | D:11     | Noticed a skeletal warrior
 10251 | D:11     | Noticed a skeletal warrior
 10252 | D:11     | Noticed a skeletal warrior
 10318 | Orc:1    | Entered Level 1 of the Orcish Mines
 10322 | Orc:1    | Noticed sveltemanboy's ghost (journeyman DsMo)
 10470 | D:9      | Killed from afar by an orc priest

Vault maps used:
D:1:      lemuel_arrival_behind_the_door_large, minmay_misc_feat_columns
D:2:      first_bread, uniq_terence
D:3:      cheibrodos_helix_gallery, serial_curves, eino_curves_04,
          eino_curves_02, uniq_crazy_yiuf_cottage
D:4:      serial_shops, nicolae_shop_crystal, shop, shop,
          nicolae_shop_temple_entry_statues_fountains, shop,
          hangedman_decor_slide_cut
D:5:      old_standard_altar, kennysheep_mini_moat
D:6:      eat_drink_and_be_merry_uskayaw, gammafunk_temple_overflow_forgotten,
          minmay_temple_entry_mist, trog_hazing_becter, uniq_grinder
D:7:      serial_shops, nicolae_shop_crystal, serial_undead, serial_undead_c,
          serial_undead_f, serial_undead_c, serial_undead_e, serial_undead_a,
          serial_undead_f, hangedman_decor_push
D:8:      uniq_maurice
D:9:      lemuel_doored_altar, serial_shops, shop
D:10:     hangedman_fish_farm
D:11:     erik_lair_orcish_takeover
Temple:   bh_familiar_temple
Orc:1:    basic_altar, minmay_orc_temple_a

Skill      XL: |  1  2  3  4  5  6  7  8  9 10 11 |
---------------+----------------------------------+-----
Fighting       | 3 4 5 6 7 8 |  8.5
Unarmed Combat | 4 5 6 7 9 11 12 13 | 13.1
Hexes          | 1 3 |  3.8
Spellcasting   | 1 2 3 4 5 |  5.1
Stealth        | 5 6 |  6.4
Necromancy     | 3 5 |  5.2
Dodging        | 6 |  6.7

Action                   |  1- 3 |  4- 6 |  7- 9 | 10-12 || total
-------------------------+-------+-------+-------+-------++-------
Melee: Unarmed           |   155 |   207 |   489 |   415 ||  1266
       Bite              |    16 |    25 |    51 |    69 ||   161
       Punch             |     1 |     3 |    14 |    31 ||    49
 Cast: Confuse           |       |       |    24 |    30 ||    54
       Animate Skeleton  |       |       |     3 |       ||     3
       Ensorcelled Hiber |       |       |     2 |       ||     2
       Tukima's Dance    |       |       |    14 |    14 ||    28
       Vampiric Draining |       |       |     3 |     5 ||     8
       Regeneration      |       |       |     1 |       ||     1
Evoke: Wand              |       |       |       |     5 ||     5
  Use: Scroll            |     7 |     3 |     4 |     4 ||    18
       Potion            |     2 |     1 |     7 |    15 ||    25
 Stab: Sleeping          |     2 |       |     4 |     5 ||    11
       Confused          |       |       |     8 |    19 ||    27
       Distracted        |       |       |       |     2 ||     2
  Eat: Corpse            |    11 |    10 |    17 |    10 ||    48
Armor: Robe              |     7 |       |    42 |    31 ||    80
       Scale mail        |    47 |       |       |       ||    47
       Chain mail        |       |   114 |       |       ||   114
Dodge: Dodged            |    63 |    51 |   308 |   226 ||   648
